Map: Blackpink LE

Players

HardWork - Winner!

  • Race: Protoss Protoss
  • League: Grandmaster
  • Spawn Location: 1:00

lllllllllll

  • Race: Terran Terran
  • League: Master
  • Spawn Location: 7:00

VOD

Have the link to the VOD?

Description

Time

  • Played on: Feb. 22, 2018, 9:16 p.m.
  • Length: 13:18
Show
View Real Time Build Order
Export as new Build Order

HardWork Protoss - Winner!

Build Orders: 1 Gate Expand, Oracle Opening, Phoenix Opening 

Get SALT Encoding   

  12  0:00  Probe  
  13  0:12  Probe  
  14  0:17  Pylon  
  14  0:24  Probe (Chrono Boost)  
  15  0:37  Probe (Chrono Boost)  
  15  0:38  Gateway  
  16  0:44  Probe (Chrono Boost)  
  16  0:47  Assimilator  
  17  0:51  Probe  
  18  1:03  Probe  
  19  1:15  Probe  
  20  1:23  Nexus  
  20  1:27  Probe  
  21  1:35  Cybernetics Core  
  21  1:41  Assimilator  
  21  1:43  Probe  
  22  1:50  Pylon  
  22  1:55  Probe  
  23  2:08  Probe  
  23  2:10  Adept (Chrono Boost)  
  26  2:18  Stargate  
  26  2:21  Probe  
  27  2:25  Stalker (Chrono Boost)  
  27  2:34  Pylon  
  29  2:40  Warp Gate  
  29  2:43  Probe (Chrono Boost)  
  30  2:45  Probe (Chrono Boost)  
  30  2:54  Adept, Probe (Chrono Boost)  
  30  2:57  Probe (Chrono Boost)  
  34  2:59  Probe (Chrono Boost)  
  35  3:06  Probe  
  35  3:08  Oracle (Chrono Boost)  
  35  3:09  Probe  
  40  3:18  Probe  
  41  3:20  Pylon  
  41  3:21  Probe  
  42  3:30  Probe  
  42  3:33  Probe  
  44  3:36  Gateway  
  44  3:37  Gateway  
  44  3:40  Shield Battery  
  44  3:42  Probe  
  44  3:43  Phoenix (Chrono Boost)  
  47  3:49  Probe  
  47  3:54  Pylon, Probe  
  49  3:59  Phoenix  
  49  4:01  Probe  
  52  4:06  Probe  
  54  4:23  Phoenix (Chrono Boost)  
  53  4:28  Assimilator, Nexus  
  53  4:29  Assimilator  
  53  4:30  Pylon  
  55  4:35  Probe  
  55  4:37  Probe  
  57  4:42  Twilight Council  
  57  4:44  Forge  
  57  4:48  Probe  
  57  4:50  Pylon  
  58  4:53  Probe  
  59  5:00  Probe  
  59  5:03  Protoss Ground Armor Level 1  
  58  5:09  Adept x2  
  58  5:11  Probe  
  59  5:15  Charge (Chrono Boost), Probe  
  60  5:23  Probe  
  60  5:27  Probe  
  60  5:28  Pylon  
  62  5:35  Probe  
  63  5:37  Gateway  
  63  5:39  Gateway, Probe  
  63  5:42  Gateway  
  64  5:47  Shield Battery  
  64  5:48  Gateway  
  64  5:52  Phoenix (Chrono Boost)  
  64  5:53  Probe  
  64  5:54  Probe  
  68  5:57  Probe  
  68  5:59  Sentry  
  68  6:01  Sentry x2  
  75  6:06  Probe  
  75  6:09  Phoenix (Chrono Boost)  
  78  6:13  Robotics Facility  
  78  6:15  Probe x2  
  78  6:18  Probe  
  81  6:25  Phoenix  
  81  6:27  Probe x2  
  81  6:30  Probe  
  81  6:32  Pylon  
  86  6:39  Probe x2  
  88  6:45  Nexus  
  88  6:46  Pylon, Blink (Chrono Boost)  
  88  6:50  Protoss Ground Weapons Level 1 (Chrono Boost)  
  88  6:51  Probe  
  89  6:54  Assimilator  
  89  6:56  Assimilator  
  89  6:57  Pylon  
  89  7:00  Warp Prism (Chrono Boost)  
  88  7:05  Probe  
  90  7:14  Probe x2  
  92  7:17  Probe  
  92  7:19  Zealot x2  
  92  7:20  Zealot x3  
  103  7:26  Probe  
  103  7:28  Immortal  
  103  7:29  Robotics Facility, Probe  
  110  7:30  Probe  
  110  7:40  Photon Cannon  
  110  7:41  Photon Cannon  
  110  7:42  Photon Cannon  
  110  7:44  Gateway  
  110  7:45  Photon Cannon  
  110  7:51  Forge  
  110  8:00  Zealot x4  
  110  8:02  Templar Archives  
  110  8:03  Probe  
  119  8:06  Zealot  
  119  8:07  Probe  
  122  8:16  Immortal (Chrono Boost)  
  130  8:20  Immortal (Chrono Boost)  
  130  8:21  Probe  
  130  8:25  Protoss Ground Armor Level 2 (Chrono Boost)  
  132  8:32  Assimilator x2  
  132  8:34  Fleet Beacon  
  131  8:40  Protoss Ground Weapons Level 2 (Chrono Boost)  
  131  8:41  Probe  
  132  8:55  Pylon  
  132  9:13  Immortal  
  136  9:19  Protoss Air Weapons Level 1 (Chrono Boost)  
  136  9:23  Stargate  
  136  9:24  Stargate  
  136  9:25  Pylon  
  136  9:44  Mothership  
  139  9:56  Zealot x2  
  139  9:57  Zealot x5  
  147  10:04  Carrier (Chrono Boost)  
  145  10:09  Carrier (Chrono Boost)  
  145  10:13  Cybernetics Core  
  147  10:15  Pylon  
  147  10:18  Carrier (Chrono Boost)  
  141  10:34  Protoss Shields Level 1, Zealot x5  
  141  10:35  Zealot x2  
  149  10:52  Zealot  
  137  11:04  Zealot  
  137  11:05  Zealot x6  
  137  11:09  Immortal x2  
  139  11:21  Zealot  
  139  11:22  Carrier (Chrono Boost)  
  133  11:26  Zealot x5  
  133  11:27  Zealot x2  
  133  11:31  Graviton Catapult  
  147  11:38  Carrier (Chrono Boost)  
  141  11:43  Probe x4  
  145  11:48  Zealot  
  145  11:49  Zealot x4  
  155  11:54  Pylon  
  155  11:55  Pylon  
  155  12:03  Photon Cannon  
  155  12:05  Nexus  
  155  12:08  Pylon  
  155  12:10  Pylon x2  
  155  12:13  Pylon, Immortal  
  155  12:15  High Templar x4  
  161  12:17  High Templar x2  
  161  12:20  Pylon  
  161  12:22  Pylon x2  
  171  12:24  Archon x2, Photon Cannon  
  171  12:26  Archon  
  171  12:34  Zealot x2  
  175  12:41  Photon Cannon x2  
  175  12:44  Shield Battery  
  175  12:55  Zealot x6  
  155  13:01  Probe  
  146  13:09  Zealot x2  
  156  13:16  Zealot x2  
Show
View Real Time Build Order
Export as new Build Order

lllllllllll Terran 

Build Orders: Reaper Expand 

Get SALT Encoding   

  12  0:00  SCV  
  13  0:13  SCV  
  14  0:18  Supply Depot  
  14  0:25  SCV  
  15  0:32  Refinery  
  15  0:39  SCV  
  16  0:44  Barracks  
  16  0:51  SCV  
  17  1:03  SCV  
  18  1:15  SCV  
  19  1:31  Orbital Command  
  19  1:32  Reaper  
  20  1:44  Command Center  
  20  1:55  Factory  
  20  2:00  SCV  
  21  2:07  Refinery  
  21  2:09  Barracks Reactor  
  21  2:12  SCV  
  22  2:18  Supply Depot  
  22  2:24  SCV  
  23  2:40  SCV  
  24  2:45  Starport  
  24  2:46  Marine x2  
  24  2:50  Widow Mine  
  28  2:52  SCV  
  29  3:03  Marine x2  
  29  3:04  SCV  
  29  3:05  Orbital Command  
  32  3:11  Widow Mine  
  34  3:16  SCV  
  35  3:22  Medivac  
  35  3:23  Marine  
  37  3:28  SCV  
  37  3:31  SCV  
  39  3:34  Supply Depot  
  39  3:35  Widow Mine  
  39  3:40  SCV  
  42  3:44  Marine x2  
  42  3:45  SCV  
  45  3:53  SCV  
  46  3:56  Supply Depot  
  46  3:57  SCV  
  46  4:00  Viking  
  49  4:05  SCV  
  49  4:14  Cyclone  
  52  4:20  Supply Depot  
  52  4:25  Cyclone  
  52  4:26  SCV  
  56  4:32  SCV, Supply Depot  
  56  4:38  Viking  
  59  4:40  SCV  
  59  4:43  Supply Depot  
  60  4:48  SCV  
  60  4:52  SCV  
  62  5:00  SCV  
  62  5:04  SCV  
  61  5:12  SCV  
  61  5:13  Barracks Tech Lab  
  61  5:14  Starport Tech Lab  
  59  5:16  SCV  
  59  5:18  Refinery, Factory  
  59  5:19  Refinery, Factory  
  57  5:27  Hellion x2  
  57  5:28  SCV  
  59  5:38  Command Center  
  59  5:44  SCV  
  59  5:47  Starport Reactor  
  60  5:52  SCV  
  60  5:53  Barracks Tech Lab, Factory x2  
  60  5:56  SCV  
  62  6:02  Engineering Bay  
  62  6:04  SCV  
  62  6:08  SCV  
  64  6:14  Armory  
  64  6:15  Armory  
  64  6:19  SCV, Supply Depot  
  64  6:21  SCV  
  65  6:31  SCV  
  65  6:34  SCV  
  65  6:38  Widow Mine x2  
  65  6:39  Widow Mine x2  
  74  6:43  SCV  
  75  6:54  Starport Reactor, SCV  
  76  6:58  SCV, Supply Depot  
  76  6:59  Refinery  
  76  7:00  Widow Mine  
  79  7:01  Refinery  
  79  7:04  Terran Vehicle Weapons Level 1, Terran Vehicle And Ship Armor Level 1, Hellion  
  79  7:06  Widow Mine x2  
  85  7:17  Orbital Command  
  85  7:19  SCV x2  
  85  7:25  Missile Turret x2  
  85  7:28  Missile Turret  
  85  7:29  Widow Mine  
  87  7:31  SCV  
  87  7:32  Medivac  
  89  7:37  SCV  
  89  7:39  Drilling Claws  
  89  7:40  Widow Mine  
  89  7:42  Widow Mine  
  89  7:43  SCV  
  94  7:45  Infernal Pre-Igniter  
  94  7:48  SCV  
  94  7:49  SCV  
  96  7:55  SCV  
  97  8:00  SCV  
  97  8:03  SCV  
  97  8:04  Command Center  
  99  8:07  Medivac x2, SCV  
  104  8:17  Siege Tank x2  
  104  8:18  SCV x2  
  112  8:24  Supply Depot x2  
  112  8:25  Supply Depot  
  112  8:31  Siege Tank  
  115  8:34  SCV x2, Supply Depot  
  115  8:35  Hellion  
  117  8:47  Widow Mine  
  119  8:49  Siege Tank  
  119  8:52  Supply Depot  
  119  8:54  Siege Tank, Hellion x2, Supply Depot  
  129  8:56  Hellion  
  123  9:03  Siege Tank  
  123  9:09  Widow Mine  
  126  9:16  Widow Mine x2, SCV  
  126  9:17  SCV x2  
  133  9:18  Widow Mine  
  133  9:22  Widow Mine  
  137  9:26  Widow Mine  
  137  9:30  Widow Mine  
  137  9:34  Terran Vehicle And Ship Armor Level 2, Terran Vehicle Weapons Level 2  
  137  9:35  Widow Mine  
  135  9:38  Hellion  
  135  9:42  Thor  
  141  9:48  Siege Tank  
  141  9:51  Refinery  
  138  9:53  Widow Mine  
  138  9:54  Missile Turret, Widow Mine  
  139  10:06  Siege Tank, Widow Mine x2  
  133  10:15  Widow Mine  
  133  10:20  Siege Tank, Hellion  
  131  10:26  Siege Tank  
  131  10:28  Hellion  
  130  10:30  SCV x3  
  133  10:35  Orbital Command  
  133  10:38  Siege Tank  
  133  10:40  Medivac x2, Widow Mine x2  
  133  10:41  Command Center  
  133  10:42  Widow Mine, SCV x2  
  148  10:43  SCV  
  148  10:49  Widow Mine  
  142  10:52  Widow Mine  
  142  10:54  SCV  
  129  11:04  Widow Mine x4  
  119  11:09  SCV x2  
  121  11:14  SCV  
  121  11:15  Refinery  
  121  11:16  SCV  
  121  11:21  SCV  
  117  11:30  Thor x2  
  117  11:32  Widow Mine x2  
  124  11:33  Widow Mine  
  124  11:37  Starport Reactor  
  124  11:38  SCV  
  124  11:39  SCV x3  
  114  11:43  Missile Turret  
  114  11:44  Missile Turret  
  114  11:46  Missile Turret, Hellion  
  119  11:50  SCV  
  119  11:51  SCV x2  
  119  11:54  Hellion  
  120  11:55  SCV  
  120  11:58  Thor  
  120  11:59  Smart Servos  
  124  12:03  SCV x2  
  124  12:08  Command Center  
  126  12:10  SCV  
  126  12:11  Refinery  
  127  12:17  Thor  
  127  12:18  Hellion x4  
  127  12:19  Hellion  
  127  12:22  Supply Depot  
  143  12:23  Supply Depot  
  143  12:24  SCV x3  
  143  12:25  Supply Depot  
  143  12:26  SCV  
  147  12:34  Barracks  
  147  12:36  SCV x2  
  149  12:39  Barracks  
  149  12:40  Widow Mine x4  
  165  12:45  SCV  
  165  12:48  SCV  
Tags
 
Add a new tag
Caveats
  • Supply blocks, unpowered buildings, or Contaminate may cause inaccurate times.
  • Supply counts are checked every 10 seconds.